 Dungeon Crawl Stone Soup version 0.27.1 (webtiles) character file.

Game seed: 9364553161014579365

26 Naeght the Poker (level 3, -7/28 HPs)
             Began as a Merfolk Gladiator on Aug 27, 2021.
             Mangled by Sigmund (11 damage)
             ... on level 2 of the Dungeon.
             The game lasted 00:01:29 (1146 turns).

Naeght the Poker (Merfolk Gladiator)                Turns: 1146, Time: 00:01:30

Health: -7/28      AC:  4    Str: 15    XL:     3   Next: 8%
Magic:  3/3        EV: 13    Int:  7    God:
Gold:   72         SH:  0    Dex: 15    Spells: 2/2 levels left

rFire    . . .     SeeInvis .   a - +0 trident
rCold    . . .     Faith    .   (no shield)
rNeg     . . .     Spirit   .   b - +0 leather armour
rPois    .         Reflect  .   c - +0 helmet
rElec    .         Harm     .   (no cloak)
rCorr    .         Rampage  .   (no gloves)
Will     .....                  (no boots)
Stlth    +.........             (no amulet)
HPRegen  0.09/turn              (no ring)
MPRegen  0.08/turn              (no ring)

@: confused
A: (nimble swimmer 2), mertail
a: no special abilities


You were on level 2 of the Dungeon.
You visited 1 branch of the dungeon, and saw 2 of its levels.

You collected 72 gold pieces.

Inventory:

Hand Weapons
 a - a +0 trident (weapon)
Missiles
 d - 3 throwing nets (quivered)
Armour
 b - a +0 leather armour (worn)
 c - a +0 helmet (worn)
Scrolls
 e - a scroll of blinking {unknown}
Potions
 f - a potion of haste {unknown}


   Skills:
 + Level 2.6 Fighting
 * Level 5.3 Polearms
 - Level 2.0 Throwing
 + Level 4.4 Dodging


You had 2 spell levels left.
You didn't know any spells.
Your spell library contained the following spells:

 Spells                   Type           Power      Damage    Failure   Level
 Foxfire                  Conj/Fire      0%         2x1d4     50%         1
 Conjure Flame            Conj/Fire      0%         6-21      86%         3
 Inner Flame              Hex/Fire       0%         N/A       86%         3


Dungeon Overview and Level Annotations

Branches:
Dungeon (2/15)

Altars:

Annotations:
D:2 Sigmund


Innate Abilities, Weirdness & Mutations

((You are quick and stealthy near water. (Stealth+, EV+, Speed+++)))
Your lower body shifts to a powerful aquatic tail in water.


Message History

No target in view!
An endoplasm comes into view.
You see here a +0 leather armour.
Something hits you!
You closely miss something.
You hear some strange, mumbled words.
You are confused.
The endoplasm freezes you.
You are frozen.
You miss something. Something completely misses you.
The endoplasm hits you but does no damage.
You miss something.
You hear some strange, mumbled words.
You are more confused.
The endoplasm misses you.
You puncture the endoplasm!
You kill the endoplasm!
Something barely misses you.
You hear some strange, mumbled words.
You are more confused.
You bump into the rock wall.
You hear some strange, mumbled words.
A puff of flame appears from out of thin air!
The puff of flame hits you!
* * * LOW HITPOINT WARNING * * *
You bump into the rock wall.
Something hits you but does no damage. Something hits you.
* * * LOW HITPOINT WARNING * * *
You're too confused to move!
You hear some strange, mumbled words.
You are more confused.
Something hits you but does no damage.
You're too confused to move!
Something barely misses you.
You bump into the rock wall.
Something hits you but does no damage.
There is an open door here.
You hear some strange, mumbled words.
Something tries to affect you, but you resist.
You are too confused!
Something hits you!
You die...

.#....##.# #.# . ..#
.........###.# #.# ..#
##...........###.# ####..#
.....##.........# #.....# .
#....#.#<......# #.....#.#
#....#.#..<....####........
#......................#
#...#(...)...#.......###
#...#........'.@{....#
###...#####.#...[...#
##.....#####.#.......#
..........)..†........+
###.###.#######.......# ...
.................... ###
#.##################. #. #
.


There were no monsters in sight!

Vanquished Creatures
  2 ball pythons (D:1)
  2 bats (D:1)
  6 endoplasms
  A giant cockroach (D:1)
  4 goblins
  A hobgoblin (D:2)
  2 kobolds (D:1)
  2 frilled lizards (D:1)
  A rat (D:1)
21 creatures vanquished.

Notes
Turn   | Place    | Note
-------+----------+-------------------------------------------
     0 | D:1      | Naeght the Merfolk Gladiator began the quest for the Orb.
     0 | D:1      | Reached XP level 1. HP: 16/16 MP: 1/1
   284 | D:1      | Reached XP level 2. HP: 23/23 MP: 2/2
   415 | D:1      | Found a faded altar of an unknown god.
   447 | D:1      | Reached skill level 5 in Polearms
  1104 | D:2      | Reached XP level 3. HP: 27/28 MP: 3/3
  1121 | D:2      | Noticed Sigmund
  1146 | D:2      | Mangled by Sigmund

Illustrated notes

Levels and vault maps discovered:
D:1:      nicolae_arrival_washed_ashore, layout_loops_cross,
          hellmonk_ecumenical_altar_prayer_group, amcnicky_mini_corridor_feature
D:2:      layout_basic, minivault_24, minmay_misc_feat_tower, uniq_sigmund

Skill      XL: |  1  2 |
---------------+-------+-----
Polearms       | 5 |  5.3
Fighting       | |  2.6
Throwing       | |  2.0
Dodging        | |  4.4

Action                   || total
-------------------------++-------
Melee: Trident           ||    54
 Stab: Sleeping          ||     1
Armor: Leather armour    ||    13
Dodge: Dodged            ||    16
